 Dungeon Crawl Stone Soup version 0.31.0-11-ge490571c62 (webtiles) character file.

Game seed: 12430535743988492631

66524 qw the Spry (level 14, -4/73 HPs)
             Began as a Spriggan Hunter on Feb 3, 2024.
             Was a High Priest of Okawaru.
             Constricted to death by Jorgrun (17 damage)
             ... on level 13 of the Dungeon.
             The game lasted 00:02:29 (14501 turns).

qw the Spry (Spriggan Hunter)                      Turns: 14501, Time: 00:02:30

Health: -4/73      AC:  9    Str:  7    XL:     14   Next: 42%
Magic:  17/22      EV: 44    Int: 11    God:    Okawaru [*****.]
Gold:   1156       SH:  0    Dex: 26    Spells: 13/13 levels left

rFire   + + +        p - +10 shortbow of Chain {heavy, ^Drain rPois rF++ SInv}
rCold   + . .        (shield currently unavailable)
rNeg    + . .        h - +2 robe {rC+ rF+}
rPois   +            (helmet restricted)
rElec   .            d - +2 cloak of Diniorph {Regen+ Dex+3}
rCorr   .            (gloves unavailable)
SInv    +            (boots unavailable)
Will    +++..        (no amulet)
Stlth   ++           f - ring of Vabadur {EV+5 SInv}
HPRegen 1.12/turn    c - ring of positive energy
MPRegen 0.18/turn

%: no passive effects
@: about to teleport, finesse-ful, grasped by roots, constricted, very quick
A: very small, no large weapons, unfitting armour, see invisible, speed 3,
iridescent scales 1, strong-willed 1
a: Renounce Religion, Heroism, Finesse, Duel


You were on level 13 of the Dungeon.
You worshipped Okawaru.
Okawaru was extremely pleased with you.
You visited 3 branches of the dungeon, and saw 19 of its levels.

You collected 1406 gold pieces.
You spent 250 gold pieces at shops.


Innate Abilities, Weirdness & Mutations

You are very small and have problems with some larger weapons.
You are too small for most types of armour.
You have supernaturally acute eyesight. (SInv)
You cover ground extremely quickly. (Speed+++)
You are partially covered in iridescent scales. (AC +2)
You are strong-willed. (Will+)


   Skills:
 - Level 8.0 Fighting
 - Level 14.8 Ranged Weapons
 - Level 1.2 Armour
 + Level 20.9 Dodging
 - Level 1.5 Stealth
 - Level 10.0 Invocations


You had 13 spell levels left.
You didn't know any spells.
Your spell library was empty.

Inventory:

Hand Weapons
 l - a +0 orcbow
 p - the +10 shortbow of Chain (weapon) {heavy, ^Drain rPois rF++ SInv}
   (Okawaru gifted it to you on level 4 of the Lair of Beasts)

   rF++:      It greatly protects you from fire.
   rPois:     It protects you from poison SInv: It lets you see invisible.
   ^Drain:    It drains your maximum health when unequipped.
Armour
 d - the +2 cloak of Diniorph (worn) {Regen+ Dex+3}
   (You bought it in a shop on level 6 of the Dungeon)

   Dex+3:     It affects your dexterity (+3).
   Regen+:    It increases your rate of health regeneration.
 h - a +2 robe of resistance (worn)
 o - the +0 hat "Liwnut" {rPois rC- SInv}
   (Okawaru gifted it to you on level 4 of the Lair of Beasts)

   rC-:       It makes you vulnerable to cold.
   rPois:     It protects you from poison SInv: It lets you see invisible.
Jewellery
 c - a ring of positive energy (right hand)
 f - the ring of Vabadur (left hand) {EV+5 SInv}
   (You found it on level 3 of the Dungeon)

   [ring of evasion]

   EV+5:      It affects your evasion (+5).
   SInv:      It lets you see invisible.
 u - a ring of fire
 v - an amulet of the acrobat
Wands
 n - a wand of iceblast (6)
 q - a wand of polymorph (8)
 s - a wand of paralysis (6)
 t - a wand of mindburst (15)
Scrolls
 a - 6 scrolls of identify
 e - 4 scrolls of teleportation
 x - a scroll of enchant armour
Potions
 b - 6 potions of curing
 g - a potion of cancellation
 i - 3 potions of mutation
 j - 2 potions of enlightenment
 k - 3 potions of heal wounds
 m - 3 potions of might
 r - a potion of resistance

Dungeon Overview and Level Annotations

Branches:
Dungeon (13/15)            Temple (1/1) D:6            Lair (5/5) D:8
 Shoals (0/4) Lair:2       Spider (0/4) Lair:2        Slime (0/5) Lair:4
    Orc (0/2) D:9
 Vaults: D:13-14

Altars:
Ashenzari
Cheibriados
Dithmenos
Elyvilon
Fedhas
Gozag
Hepliaklqana
Kikubaaqudgha
Makhleb
Nemelex Xobeh
Okawaru
Qazlal
Ru
Sif Muna
Trog
Uskayaw
Vehumet
Wu Jian
Xom
Yredelemnul
Zin
The Shining One

Shops:
D:6 [   D:9 (   D:10 (

Portals:
Bailey: D:7

Annotations:
D:4 2 transporters
D:7 3 runed translucent doors, qw's ghost, novice SpHu
D:13 Jorgrun
Lair:1 exclusion: oklob plant
Lair:4 exclusion: oklob plant


Message History

The cyan ugly thing is severely wounded.
Jorgrun Earthshaker comes into view.
He is wielding a staff of earth.
You shoot an arrow. The arrow hits the cyan ugly thing!
The cyan ugly thing is severely wounded.
Jorgrun points at you and mumbles some strange words.
Roots burst forth from the earth!
The grasping roots grab you! The grasping roots constrict you!!
You shoot an arrow.
The arrow barely misses the cyan ugly thing.
The arrow hits Jorgrun!!
Jorgrun is lightly wounded.
The grasping roots constrict you!
You shoot an arrow. The arrow hits the cyan ugly thing!
The cyan ugly thing is almost dead.
The grasping roots constrict you.
The cyan ugly thing completely misses you.
You shoot an arrow. The arrow hits the cyan ugly thing!!
You kill the cyan ugly thing!
Okawaru accepts your kill. The grasping roots constrict you!
14497 ||| INVOKING Finesse.
You can now deal lightning-fast blows.
The grasping roots constrict you!
14498 ||| READING 5 scrolls of teleportation.
As you read the scroll of teleportation, it crumbles to dust.
You feel strangely unstable. The grasping roots constrict you!
14499 ||| DRINKING 5 potions of heal wounds.
You feel much better. Jorgrun gestures at you while chanting.
The iron shot misses you. The grasping roots constrict you!
14500 ||| DRINKING 4 potions of heal wounds.
You feel much better. The grasping roots constrict you!
You shoot an arrow. The arrow hits Jorgrun!
Jorgrun is moderately wounded.
Jorgrun hits you with a staff of earth! The ground beneath you fractures!
The grasping roots constrict you!
You die...

#....................
#......######......##
###.######....#......#
....# >......#......#
###.# .......'.....[#
#.# .......#......# #.#
.###...#......#
#.#####.###+#......#
#.............@....#
###.........#####g......
........... .......
........... .......
#.......... .......
#.......... .......
#.......### .......
#.......# .......
#.......#


You could see Jorgrun.

Vanquished Creatures
  4 catoblepae
  4 hydras
  Erica (D:10)
  3 two-headed ogres
  2 boulder beetles
  3 death yaks (Lair:4)
  Amaemon (D:10)
  A skyshark (Lair:5)
  A cyclops (D:12)
  3 oklob plants (Lair:4)
  A manticore (D:13)
  A merfolk siren (Lair:2)
  3 ugly things
  7 elephants
  4 black mambas
  An orange demon (D:10)
  An unseen horror (D:10)
  A rime drake (Lair:4)
  26 cane toads
  A freezing wraith (D:9)
  13 komodo dragons
  A tengu conjurer (D:9)
  A tyrant leech (Lair:5)
  Grinder (D:5)
  A troll (D:10)
  A polar bear (Lair:5)
  22 blink frogs
  7 dream sheep (Lair:4)
  2 shadows
  3 slime creatures (D:12)
  2 wraiths
  A vampire (D:10)
  45 yaks
  6 wyverns
  3 fire bats (Lair:1)
  2 steam dragons
  Eustachio (D:5)
  4 basilisks
  15 vampire mosquitoes
  15 water moccasins
  Duvessa (D:5)
  3 orc warriors
  2 black bears
  2 ogres
  18 wolves
  3 centaurs
  19 bullfrogs
  A kobold brigand (D:7)
  4 gnoll sergeants
  5 scorpions
  Dowan (D:5)
  6 wights
  12 killer bees
  10 electric eels (Lair:5)
  3 bombardier beetles
  6 orc priests
  A gnoll bouda (D:7)
  4 hounds
  3 sleepcaps
  Natasha (D:3)
  11 orc wizards
  6 iguanas
  6 hell rats
  Robin (D:3)
  6 adders
  20 gnolls
  9 river rats (Lair:5)
  2 shadow imps
  15 white imps
  4 ufetubi (D:6)
  A dart slug (D:4)
  6 ribbon worms
  15 orcs
  2 ball pythons
  6 endoplasms
  3 giant cockroaches
  17 goblins
  5 hobgoblins
  6 jackals
  10 kobolds
  2 quokkas (D:2)
  3 bats (D:3)
  2 frilled lizards
  5 rats
483 creatures vanquished.

Notes
Turn   | Place    | Note
-------+----------+-------------------------------------------
     0 | D:1      | qw the Spriggan Hunter began the quest for the Orb.
     0 | D:1      | Reached XP level 1. HP: 10/10 MP: 2/2
     0 | D:1      | 0 ||| qw: Version: 0.3-a-157-g843a77d
     0 | D:1      | 0 ||| qw: Game counter: 3730
     0 | D:1      | 0 ||| qw: Melee chars always use a shield: true
     0 | D:1      | 0 ||| qw: God list: Okawaru
     0 | D:1      | 0 ||| qw: Allow faded altars: false
     0 | D:1      | 0 ||| qw: Do Orc after clearing Dungeon:15 true
     0 | D:1      | 0 ||| qw: Do second Lair branch before Depths: true
     0 | D:1      | 0 ||| qw: Lair rune preference: random
     0 | D:1      | 0 ||| qw: Goals: Normal
     0 | D:1      | 0 ||| PLANNING D:1-11
    40 | D:1      | Reached skill level 3 in Dodging
   154 | D:1      | Reached XP level 2. HP: 14/14 MP: 3/3
   223 | D:1      | Reached skill level 4 in Dodging
   607 | D:1      | 607 ||| READING 3 scrolls labelled EFEPYM TUIMIUGG.
   612 | D:1      | 612 ||| READING scroll labelled NOELOE DUOKI.
   613 | D:1      | 613 ||| DROPPING scroll of butterflies.
   743 | D:2      | Reached XP level 3. HP: 18/18 MP: 4/4
  1139 | D:2      | Found a faded altar of an unknown god.
  1312 | D:2      | Found a glowing golden altar of the Shining One.
  1333 | D:2      | 1333 ||| READING scroll labelled YBUYJ YVIWKAD.
  1334 | D:2      | 1334 ||| READING scroll labelled NOETHR MIQARIPI.
  1334 | D:2      | 1334 ||| ENCHANTING +0 shortbow.
  1335 | D:2      | 1335 ||| DRINKING 3 bubbling black potions.
  1336 | D:2      | 1336 ||| DRINKING 2 ruby potions.
  1389 | D:3      | Noticed Robin
  1391 | D:3      | 1391 ||| STAIRDANCE
  1403 | D:3      | 1403 ||| STAIRDANCE
  1432 | D:3      | 1432 ||| STAIRDANCE
  1443 | D:3      | 1443 ||| STAIRDANCE
  1446 | D:2      | Reached XP level 4. HP: 22/22 MP: 5/5
  1448 | D:3      | 1448 ||| STAIRDANCE
  1459 | D:3      | 1459 ||| STAIRDANCE
  1505 | D:3      | 1505 ||| STAIRDANCE
  1533 | D:3      | 1533 ||| STAIRDANCE
  1545 | D:3      | Killed Robin
  1583 | D:3      | Reached skill level 5 in Dodging
  1591 | D:3      | Reached XP level 5. HP: 19/26 MP: 6/6
  2059 | D:3      | Identified the ring of Vabadur {EV+5 SInv}
  2063 | D:3      | Noticed Natasha
  2068 | D:3      | Killed Natasha
  2162 | D:3      | 2162 ||| UPGRADING to ring of Vabadur {EV+5 SInv}.
  2163 | D:3      | 2163 ||| READING scroll labelled ZOXUEV GEUCYRGH.
  2163 | D:3      | 2163 ||| BRANDING +0 shortbow.
  2188 | D:4      | Noticed an ogre
  2192 | D:4      | Killed an ogre
  2193 | D:4      | Reached skill level 6 in Ranged Weapons
  2193 | D:4      | Reached XP level 6. HP: 30/30 MP: 7/7
  2232 | D:4      | Found a transporter.
  2232 | D:4      | Identified the +5 spear of Ragnarok {chaos, rF+}
  2275 | D:4      | Found a transporter.
  2660 | D:4      | 2660 ||| READING scroll labelled IRHO BEMERAT.
  2674 | D:5      | Entered Level 5 of the Dungeon
  2679 | D:5      | 2679 ||| FLEEEEING.
  2680 | D:5      | 2680 ||| FLEEEEING.
  2681 | D:5      | 2681 ||| FLEEEEING.
  2683 | D:5      | 2683 ||| STAIRDANCE
  2744 | D:5      | Reached skill level 6 in Dodging
  2768 | D:5      | 2768 ||| SWAPPING to +0 orcbow.
  2769 | D:5      | 2769 ||| DROPPING +0 shortbow of draining.
  2801 | D:5      | Noticed Grinder
  2802 | D:5      | 2802 ||| RETREEEEATING.
  2804 | D:5      | 2804 ||| RETREEEEATING.
  2808 | D:5      | 2808 ||| RETREEEEATING.
  2809 | D:5      | 2809 ||| RETREEEEATING.
  2810 | D:5      | 2810 ||| RETREEEEATING.
  2811 | D:5      | 2811 ||| RETREEEEATING.
  2813 | D:5      | 2813 ||| RETREEEEATING.
  2816 | D:5      | 2816 ||| RETREEEEATING.
  2818 | D:5      | Reached XP level 7. HP: 35/35 MP: 8/8
  2826 | D:5      | HP: 7/35 [Grinder (4)]
  2827 | D:5      | 2827 ||| READING 5 scrolls of teleportation.
  2866 | D:5      | HP: 3/35 [Grinder/nerve-wracking pain (12)]
  2867 | D:5      | 2867 ||| READING 4 scrolls of teleportation.
  2953 | D:5      | Killed Grinder
  2954 | D:5      | Reached skill level 8 in Dodging
  3076 | D:5      | Noticed Eustachio
  3092 | D:5      | Killed Eustachio
  3093 | D:5      | Reached XP level 8. HP: 39/39 MP: 9/9
  3232 | D:5      | Noticed Duvessa
  3232 | D:5      | Noticed Dowan
  3243 | D:5      | Killed Duvessa
  3251 | D:5      | Killed Dowan
  3252 | D:5      | Reached skill level 3 in Fighting
  3367 | D:5      | 3367 ||| READING 2 scrolls labelled QORIVY ZAQUZUAT.
  3367 | D:5      | 3367 ||| IDENTIFYING fuming inky potion
  3368 | D:5      | 3368 ||| READING scroll of identify.
  3368 | D:5      | 3368 ||| IDENTIFYING sedimented silvery potion
  3369 | D:5      | 3369 ||| READING scroll labelled QAGAGU JYHEOT.
  3470 | D:5      | 3470 ||| DRINKING 2 red potions.
  3471 | D:5      | 3471 ||| DRINKING 2 metallic white potions.
  3471 | D:5      | Gained mutation: You are partially covered in iridescent
                  | scales. (AC +2) [potion of mutation]
  3471 | D:5      | Gained mutation: You are strong-willed. (Will+) [potion of
                  | mutation]
  3472 | D:5      | 3472 ||| DROPPING potion of lignification.
  3486 | D:6      | 3486 ||| PLANNING OSSUARY
  3503 | D:6      | 3503 ||| RETREEEEATING.
  3505 | D:6      | 3505 ||| RETREEEEATING.
  3509 | D:6      | 3509 ||| RETREEEEATING.
  3527 | D:6      | HP: 8/40 [gnoll sergeant/+0 spear (7)]
  3528 | D:6      | 3528 ||| READING 4 scrolls of teleportation.
  3529 | D:6      | 3529 ||| DRINKING potion of heal wounds.
  3623 | D:6      | Reached skill level 9 in Ranged Weapons
  3762 | D:6      | Reached skill level 9 in Dodging
  3849 | D:6      | 3849 ||| READING scroll labelled IKENIBB HIUMP.
  3851 | D:6      | 3851 ||| Stepping ~*~*~tactically~*~*~ (cloud).
  4036 | D:6      | Found Ceclikh's Antique Armour Shoppe.
  4040 | D:6      | 4040 ||| BUYING distressingly furry cloak (180 gold).
  4040 | D:6      | Bought a distressingly furry cloak for 180 gold pieces
  4040 | D:6      | Identified the +2 cloak of Diniorph {Regen+ Dex+3} (You
                  | bought it in a shop on level 6 of the Dungeon)
  4040 | D:6      | 4040 ||| BUYING glowing robe (70 gold).
  4040 | D:6      | Bought a glowing robe for 70 gold pieces
  4064 | D:6      | Found a staircase to the Ecumenical Temple.
  4066 | D:6      | 4066 ||| Stepping ~*~*~tactically~*~*~ (cloud).
  4067 | D:6      | 4067 ||| Stepping ~*~*~tactically~*~*~ (cloud).
  4410 | D:6      | Found a sand-covered staircase.
  4411 | D:6      | 4411 ||| RIP OSSUARY
  4411 | D:6      | 4411 ||| PLANNING TEMPLE
  4411 | D:6      | 4411 ||| UPGRADING to +2 cloak of Diniorph {Regen+ Dex+3}.
  4416 | D:6      | 4416 ||| UPGRADING to +2 robe of resistance.
  4426 | D:6      | 4426 ||| DROPPING +0 robe.
  4427 | D:6      | 4427 ||| READING scroll labelled RUEXKI HEPPUPISI.
  4445 | Temple   | Entered the Ecumenical Temple
  4446 | Temple   | 4446 ||| PLANNING OKAWARU WORSHIP
  4451 | Temple   | Became a worshipper of Warmaster Okawaru
  4452 | Temple   | 4452 ||| PLANNING D:1-11
  4633 | D:6      | 4633 ||| FLEEEEING.
  4634 | D:6      | 4634 ||| FLEEEEING.
  4635 | D:6      | 4635 ||| FLEEEEING.
  4637 | D:6      | 4637 ||| FLEEEEING.
  4638 | D:6      | 4638 ||| FLEEEEING.
  4639 | D:6      | 4639 ||| FLEEEEING.
  4640 | D:6      | 4640 ||| FLEEEEING.
  4641 | D:6      | 4641 ||| FLEEEEING.
  4644 | D:6      | 4644 ||| FLEEEEING.
  4645 | D:6      | 4645 ||| FLEEEEING.
  4646 | D:6      | 4646 ||| FLEEEEING.
  4647 | D:6      | 4647 ||| FLEEEEING.
  4648 | D:6      | 4648 ||| FLEEEEING.
  4649 | D:6      | 4649 ||| FLEEEEING.
  4705 | D:6      | Reached XP level 9. HP: 44/44 MP: 10/10
  4721 | D:6      | 4721 ||| DROPPING wand of flame (22).
  4994 | D:7      | Reached skill level 10 in Dodging
  5148 | D:7      | 5148 ||| RETREEEEATING.
  5158 | D:7      | Reached * piety under Okawaru
  5170 | D:7      | Reached skill level 1 in Invocations
  5238 | D:7      | Found a runed translucent gate.
  5239 | D:7      | Found a runed translucent gate.
  5240 | D:7      | Found a runed translucent gate.
  5241 | D:7      | Noticed qw's ghost (novice SpHu)
  5306 | D:7      | Reached skill level 11 in Dodging
  5445 | D:7      | Found a flagged portal.
  5646 | D:7      | 5646 ||| UPGRADING to ring of positive energy.
  5647 | D:7      | 5647 ||| READING scroll of identify.
  5647 | D:7      | 5647 ||| IDENTIFYING glowing grey potion
  5648 | D:7      | 5648 ||| DRINKING 2 emerald potions.
  5649 | D:7      | 5649 ||| DROPPING potion of degeneration.
  5650 | D:7      | 5650 ||| DROPPING potion of berserk rage.
  5675 | D:8      | 5675 ||| RETREEEEATING.
  5680 | D:8      | 5680 ||| RETREEEEATING.
  5684 | D:8      | 5684 ||| INVOKING Heroism.
  5691 | D:8      | Reached skill level 3 in Invocations
  5708 | D:8      | 5708 ||| INVOKING Heroism.
  5715 | D:8      | Reached ** piety under Okawaru
  5736 | D:8      | Reached skill level 12 in Dodging
  5769 | D:8      | Reached XP level 10. HP: 49/49 MP: 14/14
  5796 | D:8      | Found a staircase to the Lair.
  5797 | D:8      | 5797 ||| RETREEEEATING.
  5798 | D:8      | 5798 ||| RETREEEEATING.
  5799 | D:8      | 5799 ||| RETREEEEATING.
  5800 | D:8      | 5800 ||| RETREEEEATING.
  5801 | D:8      | 5801 ||| RETREEEEATING.
  5802 | D:8      | 5802 ||| RETREEEEATING.
  5803 | D:8      | 5803 ||| RETREEEEATING.
  5804 | D:8      | 5804 ||| RETREEEEATING.
  5805 | D:8      | 5805 ||| RETREEEEATING.
  5806 | D:8      | 5806 ||| RETREEEEATING.
  5814 | D:8      | 5814 ||| DRINKING 2 potions of cancellation.
  5822 | D:8      | Reached *** piety under Okawaru
  6239 | D:8      | 6239 ||| PLANNING LAIR
  6271 | Lair:1   | Entered Level 1 of the Lair of Beasts
  6271 | Lair:1   | Noticed a cane toad
  6272 | Lair:1   | 6272 ||| INVOKING Heroism.
  6278 | Lair:1   | 6278 ||| STAIRDANCE
  6281 | D:8      | Killed a cane toad
  6302 | Lair:1   | Reached skill level 13 in Dodging
  6336 | Lair:1   | Reached **** piety under Okawaru
  6387 | Lair:1   | Noticed a black mamba
  6388 | Lair:1   | 6388 ||| INVOKING Finesse.
  6389 | Lair:1   | 6389 ||| INVOKING Finesse.
  6390 | Lair:1   | 6390 ||| INVOKING Finesse.
  6399 | Lair:1   | Killed a black mamba
  6438 | Lair:1   | 6438 ||| RETREEEEATING.
  6440 | Lair:1   | 6440 ||| RETREEEEATING.
  6441 | Lair:1   | 6441 ||| RETREEEEATING.
  6442 | Lair:1   | 6442 ||| RETREEEEATING.
  6450 | Lair:1   | 6450 ||| RETREEEEATING.
  6451 | Lair:1   | 6451 ||| RETREEEEATING.
  6452 | Lair:1   | 6452 ||| RETREEEEATING.
  6453 | Lair:1   | 6453 ||| RETREEEEATING.
  6453 | Lair:1   | Noticed a cane toad
  6454 | Lair:1   | 6454 ||| RETREEEEATING.
  6455 | Lair:1   | 6455 ||| RETREEEEATING.
  6456 | Lair:1   | 6456 ||| RETREEEEATING.
  6457 | Lair:1   | 6457 ||| RETREEEEATING.
  6457 | Lair:1   | Noticed a cane toad
  6458 | Lair:1   | 6458 ||| RETREEEEATING.
  6459 | Lair:1   | 6459 ||| RETREEEEATING.
  6460 | Lair:1   | 6460 ||| RETREEEEATING.
  6461 | Lair:1   | 6461 ||| RETREEEEATING.
  6462 | Lair:1   | 6462 ||| RETREEEEATING.
  6464 | Lair:1   | 6464 ||| INVOKING Finesse.
  6468 | Lair:1   | Reached skill level 12 in Ranged Weapons
  6477 | Lair:1   | Killed a cane toad
  6479 | Lair:1   | Noticed a six-headed hydra
  6485 | Lair:1   | Killed a cane toad
  6494 | Lair:1   | Reached XP level 11. HP: 33/54 MP: 11/16
  6506 | Lair:1   | Killed a six-headed hydra
  6506 | Lair:1   | Reached ***** piety under Okawaru
  6507 | Lair:1   | Reached skill level 6 in Invocations
  6561 | Lair:1   | 6561 ||| RETREEEEATING.
  6563 | Lair:1   | 6563 ||| RETREEEEATING.
  6565 | Lair:1   | 6565 ||| RETREEEEATING.
  6567 | Lair:1   | 6567 ||| RETREEEEATING.
  6570 | Lair:1   | 6570 ||| RETREEEEATING.
  6594 | Lair:1   | Reached skill level 14 in Dodging
  6597 | Lair:1   | HP: 9/55 [yak (10)]
  6598 | Lair:1   | 6598 ||| READING 4 scrolls of teleportation.
  6670 | Lair:1   | Found the +1 robe of Vines {NoPotionHeal Regen++++}
  6673 | Lair:1   | Noticed an oklob plant
  6674 | Lair:1   | 6674 ||| INVOKING Finesse.
  6675 | Lair:1   | 6675 ||| INVOKING Finesse.
  6676 | Lair:1   | 6676 ||| INVOKING Finesse.
  6728 | Lair:1   | Received a gift from Okawaru
  6801 | Lair:1   | Noticed a six-headed hydra
  6802 | Lair:1   | 6802 ||| INVOKING Finesse.
  6847 | Lair:1   | Killed a six-headed hydra
  7061 | Lair:1   | 7061 ||| RETREEEEATING.
  7063 | Lair:1   | 7063 ||| RETREEEEATING.
  7065 | Lair:1   | 7065 ||| RETREEEEATING.
  7067 | Lair:1   | 7067 ||| RETREEEEATING.
  7122 | Lair:1   | 7122 ||| RETREEEEATING.
  7275 | Lair:1   | Found a dark tunnel.
  7530 | Lair:2   | Found a frozen archway.
  7659 | Lair:2   | Noticed a catoblepas
  7660 | Lair:2   | 7660 ||| INVOKING Finesse.
  7666 | Lair:2   | 7666 ||| Stepping ~*~*~tactically~*~*~ (cloud).
  7675 | Lair:2   | 7675 ||| Stepping ~*~*~tactically~*~*~ (cloud).
  7683 | Lair:2   | Killed a catoblepas
  7766 | Lair:2   | Received a gift from Okawaru
  7767 | Lair:2   | Reached skill level 9 in Invocations
  7767 | Lair:2   | Reached XP level 12. HP: 52/60 MP: 19/19
  7933 | Lair:2   | 7933 ||| RETREEEEATING.
  8213 | Lair:2   | Noticed a boulder beetle
  8214 | Lair:2   | 8214 ||| INVOKING Finesse.
  8236 | Lair:2   | Killed a boulder beetle
  8237 | Lair:2   | Reached skill level 15 in Dodging
  8313 | Lair:2   | 8313 ||| RETREEEEATING.
  8314 | Lair:2   | 8314 ||| RETREEEEATING.
  8314 | Lair:2   | Found a hole to the Spider Nest.
  8315 | Lair:2   | 8315 ||| RETREEEEATING.
  8316 | Lair:2   | 8316 ||| RETREEEEATING.
  8317 | Lair:2   | 8317 ||| RETREEEEATING.
  8318 | Lair:2   | 8318 ||| RETREEEEATING.
  8319 | Lair:2   | 8319 ||| RETREEEEATING.
  8461 | Lair:2   | Found a staircase to the Shoals.
  8637 | Lair:2   | 8637 ||| READING 5 scrolls of identify.
  8637 | Lair:2   | 8637 ||| IDENTIFYING scroll labelled INUCUA JAECH
  8638 | Lair:2   | 8638 ||| DROPPING scroll of fog.
  8672 | Lair:3   | 8672 ||| INVOKING Finesse.
  8776 | Lair:3   | 8776 ||| RETREEEEATING.
  8779 | Lair:3   | 8779 ||| RETREEEEATING.
  8780 | Lair:3   | 8780 ||| RETREEEEATING.
  8781 | Lair:3   | 8781 ||| RETREEEEATING.
  8782 | Lair:3   | 8782 ||| RETREEEEATING.
  8783 | Lair:3   | 8783 ||| RETREEEEATING.
  8789 | Lair:3   | 8789 ||| RETREEEEATING.
  8790 | Lair:3   | 8790 ||| RETREEEEATING.
  8796 | Lair:3   | 8796 ||| RETREEEEATING.
  8797 | Lair:3   | 8797 ||| RETREEEEATING.
  8798 | Lair:3   | 8798 ||| RETREEEEATING.
  8799 | Lair:3   | 8799 ||| INVOKING Finesse.
  8889 | Lair:3   | Reached skill level 6 in Fighting
  8915 | Lair:3   | 8915 ||| RETREEEEATING.
  8918 | Lair:3   | 8918 ||| RETREEEEATING.
  8920 | Lair:3   | 8920 ||| RETREEEEATING.
  8921 | Lair:3   | 8921 ||| RETREEEEATING.
  8922 | Lair:3   | 8922 ||| RETREEEEATING.
  8923 | Lair:3   | 8923 ||| RETREEEEATING.
  8924 | Lair:3   | 8924 ||| RETREEEEATING.
  8926 | Lair:3   | 8926 ||| RETREEEEATING.
  8928 | Lair:3   | 8928 ||| RETREEEEATING.
  8929 | Lair:3   | 8929 ||| RETREEEEATING.
  8931 | Lair:3   | 8931 ||| RETREEEEATING.
  8932 | Lair:3   | 8932 ||| RETREEEEATING.
  8937 | Lair:3   | 8937 ||| RETREEEEATING.
  8939 | Lair:3   | 8939 ||| RETREEEEATING.
  8940 | Lair:3   | 8940 ||| RETREEEEATING.
  9069 | Lair:3   | Noticed an eight-headed hydra
  9070 | Lair:3   | 9070 ||| INVOKING Finesse.
  9087 | Lair:3   | Killed an eight-headed hydra
  9116 | Lair:3   | 9116 ||| RETREEEEATING.
  9120 | Lair:3   | 9120 ||| RETREEEEATING.
  9121 | Lair:3   | 9121 ||| RETREEEEATING.
  9132 | Lair:3   | Reached skill level 16 in Dodging
  9133 | Lair:3   | Received a gift from Okawaru
  9356 | Lair:3   | 9356 ||| RETREEEEATING.
  9358 | Lair:3   | 9358 ||| RETREEEEATING.
  9815 | Lair:3   | 9815 ||| DROPPING ring of magical power.
  9858 | Lair:4   | 9858 ||| RETREEEEATING.
  9862 | Lair:4   | Reached XP level 13. HP: 54/65 MP: 21/21
  9868 | Lair:4   | 9868 ||| RETREEEEATING.
  9883 | Lair:4   | 9883 ||| RETREEEEATING.
  9912 | Lair:4   | 9912 ||| Stepping ~*~*~tactically~*~*~ (cloud).
  9919 | Lair:4   | 9919 ||| Stepping ~*~*~tactically~*~*~ (cloud).
  9924 | Lair:4   | 9924 ||| Stepping ~*~*~tactically~*~*~ (cloud).
  9925 | Lair:4   | Reached ****** piety under Okawaru
  9964 | Lair:4   | 9964 ||| INVOKING Receive Weapon.
  9964 | Lair:4   | 9964 ||| ACQUIRING +10 shortbow of Chain {heavy, ^Drain
                  | rPois rF++ SInv}
  9964 | Lair:4   | Acquired the +10 shortbow of Chain {heavy, ^Drain rPois
                  | rF++ SInv}
  9964 | Lair:4   | Received a gift from Okawaru
  9965 | Lair:4   | 9965 ||| INVOKING Receive Armour.
  9965 | Lair:4   | 9965 ||| ACQUIRING +0 hat "Liwnut" {rPois rC- SInv}
  9965 | Lair:4   | Acquired the +0 hat "Liwnut" {rPois rC- SInv}
  9965 | Lair:4   | Received a gift from Okawaru
  9967 | Lair:4   | 9967 ||| SWAPPING to +10 shortbow of Chain {heavy, ^Drain
                  | rPois rF++ SInv}.
 10020 | Lair:4   | 10020 ||| RETREEEEATING.
 10040 | Lair:4   | Received a gift from Okawaru
 10148 | Lair:4   | 10148 ||| RETREEEEATING.
 10149 | Lair:4   | 10149 ||| RETREEEEATING.
 10172 | Lair:4   | Reached skill level 17 in Dodging
 10254 | Lair:4   | Reached skill level 1 in Armour
 10540 | Lair:4   | Found a staircase to the Slime Pits.
 10852 | Lair:4   | 10852 ||| READING 7 scrolls of identify.
 10852 | Lair:4   | 10852 ||| IDENTIFYING smoky red potion
 10868 | Lair:5   | Entered Level 5 of the Lair of Beasts
 10872 | Lair:5   | 10872 ||| INVOKING Finesse.
 10873 | Lair:5   | 10873 ||| INVOKING Heroism.
 10925 | Lair:5   | Received a gift from Okawaru
 11061 | Lair:5   | 11061 ||| RETREEEEATING.
 11062 | Lair:5   | 11062 ||| RETREEEEATING.
 11063 | Lair:5   | 11063 ||| RETREEEEATING.
 11064 | Lair:5   | 11064 ||| RETREEEEATING.
 11072 | Lair:5   | 11072 ||| Stepping ~*~*~tactically~*~*~ (cloud).
 11085 | Lair:5   | 11085 ||| Stepping ~*~*~tactically~*~*~ (cloud).
 11088 | Lair:5   | 11088 ||| Stepping ~*~*~tactically~*~*~ (cloud).
 11208 | Lair:5   | 11208 ||| RETREEEEATING.
 11209 | Lair:5   | 11209 ||| RETREEEEATING.
 11210 | Lair:5   | 11210 ||| RETREEEEATING.
 11211 | Lair:5   | 11211 ||| RETREEEEATING.
 11213 | Lair:5   | 11213 ||| RETREEEEATING.
 11226 | Lair:5   | Reached skill level 18 in Dodging
 11235 | Lair:5   | 11235 ||| RETREEEEATING.
 11237 | Lair:5   | 11237 ||| RETREEEEATING.
 11300 | Lair:5   | Received a gift from Okawaru
 11391 | Lair:5   | Reached skill level 19 in Dodging
 11544 | Lair:5   | Got an earthy gem with 18 turns to spare
 11919 | Lair:5   | Reached XP level 14. HP: 72/72 MP: 22/22
 11952 | Lair:5   | 11952 ||| PLANNING D:1-11
 11952 | Lair:5   | 11952 ||| DROPPING amulet of magic regeneration.
 12066 | D:9      | Found Weydepua's Antique Weapon Boutique.
 12240 | D:9      | Found a snail-covered altar of Cheibriados.
 12320 | D:9      | Received a gift from Okawaru
 12329 | D:9      | 12329 ||| RETREEEEATING.
 12337 | D:9      | 12337 ||| INVOKING Finesse.
 12491 | D:9      | Found a staircase to the Orcish Mines.
 12647 | D:9      | 12647 ||| READING 7 scrolls of identify.
 12647 | D:9      | 12647 ||| IDENTIFYING scroll labelled VUJ JU FEECE
 12648 | D:9      | 12648 ||| DROPPING scroll of fear.
 12663 | D:10     | Entered Level 10 of the Dungeon
 12666 | D:10     | 12666 ||| STAIRDANCE
 12728 | D:10     | Noticed Amaemon
 12746 | D:10     | Killed Amaemon
 12978 | D:10     | Found Reehay's Weapon Shoppe.
 13102 | D:10     | Noticed Erica
 13116 | D:10     | Killed Erica
 13117 | D:10     | Reached skill level 20 in Dodging
 13588 | D:11     | Found a hide-covered altar of Uskayaw.
 13889 | D:11     | 13889 ||| PLANNING D
 13889 | D:11     | 13889 ||| READING 7 scrolls of identify.
 13889 | D:11     | 13889 ||| IDENTIFYING scroll labelled VICRUAM ASSI
 13890 | D:11     | 13890 ||| DROPPING scroll of silence.
 13979 | D:12     | Received a gift from Okawaru
 14387 | D:12     | 14387 ||| READING 8 scrolls of identify.
 14387 | D:12     | 14387 ||| IDENTIFYING dark potion
 14388 | D:12     | 14388 ||| READING 7 scrolls of identify.
 14388 | D:12     | 14388 ||| IDENTIFYING scroll labelled ULLAEG ICEK
 14389 | D:12     | 14389 ||| DROPPING potion of attraction.
 14390 | D:12     | 14390 ||| DROPPING scroll of noise.
 14492 | D:13     | Noticed Jorgrun
 14497 | D:13     | 14497 ||| INVOKING Finesse.
 14497 | D:13     | HP: 18/73 [constriction (12)]
 14498 | D:13     | 14498 ||| READING 5 scrolls of teleportation.
 14498 | D:13     | HP: 5/73 [constriction (14)]
 14499 | D:13     | 14499 ||| DRINKING 5 potions of heal wounds.
 14500 | D:13     | 14500 ||| DRINKING 4 potions of heal wounds.
 14501 | D:13     | Constricted to death by Jorgrun

Levels and vault maps discovered:
D:1:      elethiomel_arrival_quiet, layout_basic, minmay_tree_intersection,
          minmay_misc_feat_x
D:2:      wad_crossroads, layout_loops_ring, basic_altar,
          dreamdust_ecumenical_altar_angels_and_demons
D:3:      layout_loops_ring, chequers_serial_rivers_micro_b,
          kennysheep_orc_chapel, uniq_natasha, uniq_robin
D:4:      wander_river, layout_cave_pools, gammafunk_ghost_gnarly_gnolls,
          nicolae_underground_beach
D:5:      dreamdust_elfheim, layout_rooms, due_unseen_surprise, uniq_eustachio,
          uniq_grinder
D:6:      layout_loops_ring, minmay_temple_entry_waves, serial_shops,
          nicolae_shop_back_alley_shop, chequers_ossuary_entry_cave, minmay_puff
D:7:      layout_loops_ring, enter_bailey_7, ebering_ghost_rock_garden
D:8:      layout_cave_pools, david_lair_generic, kennysheep_generic_room_5
D:9:      layout_gridville, slow_altar_1, orc_0_dummy, serial_shops,
          nicolae_shop_gibbet_a_chance, chequers_serial_rivers_marsh,
          st_stairs_14, minmay_pinched_square
D:10:     layout_cave_pools, serial_shops, nicolae_shop_bloodbath_and_beyond,
          minmay_diced_spiral, uniq_amaemon, uniq_erica
D:11:     layout_roguey, nrook_uturn, nicolae_uskayaw_en_pointe
D:12:     layout_cave_pools, grunt_ministairs_9,
          hangedman_abyss_or_decor_passed, grunt_decor_clamped
D:13:     layout_irregular_city, david_vaults_1, uniq_jorgrun, uniq_snorg
Temple:   nicolae_temple_the_god_donut
Lair:1:   layout_regular_city, nicolae_volcano_entry_batcave,
          hellmonk_guarded_unrand_vines, infiniplex_staircase_pool_2
Lair:2:   layout_long_grid, minmay_shoals_entry_lonely_mermaid,
          nicolae_spider_entry_non_spiders, portal_ice_cave_entry_imps
Lair:3:   layout_cave_pods, chequers_serial_rivers_large_a, grunt_megastairs_3,
          serial_bayou_shore_b
Lair:4:   layout_cave_pods, minmay_slime_entry_oklob_open
Lair:5:   minmay_lair_end_frog_pond, layout_loops_ring, serial_bayou,
          serial_bayou_lake_a, serial_bayou_crossing, serial_bayou_lagoon_b,
          serial_bayou_pond_b, kennysheep_rathole

Skill      XL: |  1  2  3  4  5  6  7  8  9 10 11 12 13 14 |
---------------+-------------------------------------------+-----
Dodging        | 3 4 5 6 8 9 12 13 14 16 19 20 | 20.9
Ranged Weapons | 5 6 8 9 10 12 13 14 | 14.8
Fighting       | 2 3 4 5 6 7 8 |  8.0
Invocations    | 4 5 9 10 | 10.0
Armour         | 1 |  1.2
Stealth        | |  1.5

Action                     |  1- 3 |  4- 6 |  7- 9 | 10-12 | 13-15 || total
---------------------------+-------+-------+-------+-------+-------++-------
   Fire: Shortbow          |   125 |   111 |       |       |   585 ||   821
         Orcbow            |       |    17 |   405 |   950 |    53 ||  1425
 Invoke: Heroism           |       |       |     2 |     1 |     1 ||     4
         Finesse           |       |       |       |     9 |     3 ||    12
         Receive Weapon    |       |       |       |       |     1 ||     1
         Receive Armour    |       |       |       |       |     1 ||     1
    Use: Scroll            |     4 |     2 |     9 |     2 |     6 ||    23
         Potion            |     2 |       |     4 |     1 |     2 ||     9
 Armour: Robe              |    18 |    18 |    62 |    88 |    77 ||   263
  Dodge: Dodged            |    71 |    78 |   327 |   608 |   439 ||  1523

Table legend:
 A = Non-vault XP
 B = Vault XP
 C = Vault XP percentage of total XP
 D = Non-vault monster count
 E = Vault monster count
 F = Vault count percentage of total count
                 A         B        C        D         E       F
            +---------+---------+-------+---------+---------+-------
      Total |   52087 |   28662 |  35.5 |     330 |     153 |  31.7
            +---------+---------+-------+---------+---------+-------
        D:1 |      38 |       0 |   0.0 |      20 |       0 |   0.0
        D:2 |      21 |      38 |  64.4 |      11 |      13 |  54.2
        D:3 |      13 |     137 |  91.3 |       9 |       7 |  43.8
        D:4 |     219 |       0 |   0.0 |       9 |       0 |   0.0
        D:5 |     586 |     699 |  54.4 |      18 |       4 |  18.2
        D:6 |     814 |     315 |  27.9 |      20 |       5 |  20.0
        D:7 |    1127 |      32 |   2.8 |      24 |       4 |  14.3
        D:8 |    2602 |     792 |  23.3 |      16 |       5 |  23.8
        D:9 |     852 |    3655 |  81.1 |      14 |      17 |  54.8
       D:10 |    1543 |    2636 |  63.1 |       3 |       7 |  70.0
       D:11 |    2089 |       0 |   0.0 |      13 |       0 |   0.0
       D:12 |    3344 |     908 |  21.4 |      24 |       3 |  11.1
       D:13 |    1098 |       0 |   0.0 |       2 |       0 |   0.0
     Lair:1 |    8614 |    2325 |  21.3 |      35 |       5 |  12.5
     Lair:2 |    7443 |    1529 |  17.0 |      31 |      21 |  40.4
     Lair:3 |    7482 |    2387 |  24.2 |      36 |       9 |  20.0
     Lair:4 |   10259 |    1589 |  13.4 |      28 |       3 |   9.7
     Lair:5 |    3943 |   11620 |  74.7 |      17 |      50 |  74.6
            +---------+---------+-------+---------+---------+-------
